[Event "German Bundesliga 2021-22"]
[Site "Germany"]
[Date "2022.04.09"]
[Round "3.14"]
[White "Harff, Marcel"]
[Black "Dautov, Rustem"]
[Result "1/2-1/2"]
[ECO "A06"]
[WhiteElo "2367"]
[BlackElo "2596"]
[Annotator "TA"]
[PlyCount "53"]
[EventDate "2022.03.05"]
[EventType "team-tourn"]
[EventCountry "GER"]
[SourceTitle "playchess.com"]
[Source "ChessBase"]
[SourceQuality "1"]
[TimeControl "40/5400+30:1800+30"]

1. Nf3 Nf6 2. c4 e6 3. b3 d5 4. Bb2 c5 5. e3 Nc6 6. cxd5 exd5 7. Nc3 Bd6 8. Be2 O-O 9. d4 Bg4 10. dxc5 Bxc5 11. O-O a6 12. Rc1 Ba7 {[%emt 0:03:22] D32: Tarrasch Defence: Sidelines and lines without g3.} 13. h3 Be6 14. Na4 (14. Bd3 $14) 14... Ne4 {[%emt 0:01:09] The position is equal.} 15. Nd4 {[%emt 0:00:21] [#]} Qd6 $146 ({Predecessor:} 15... Bd7 16. Nxc6 Bxc6 17. Bd4 Bxa4 18. Bxa7 Bxb3 19. Qxb3 Rxa7 20. Rfd1 Nf6 21. Bf3 b5 {0-1 (48) Radosavljevic,S (2175)-Bozinovic,B (2205) Topusko 2014}) 16. Nxc6 bxc6 17. Bd3 {[%emt 0:00:51] Strongly threatening Bxe4.} f5 (17... Bb8 18. f4 $14) 18. Qc2 Bd7 (18... Bb8 19. g3 $16) 19. Bd4 Bxd4 20. exd4 Rae8 (20... Rf6 $14) 21. Nc5 (21. Nb6 $16) 21... Nxc5 $11 22. Qxc5 Qh6 23. Qa7 Rf7 24. f4 (24. Bxa6 f4 25. Rce1 f3 26. Rxe8+ Bxe8 $11) ({Better is} 24. Qxa6 $14 g6 25. Qb6) 24... g5 25. Rce1 (25. Qxa6 g4 26. Kh1 Qh4 27. Rxc6 Bxc6 28. Qxc6 Re3 $19) 25... Rxe1 26. Rxe1 gxf4 {[%emt 0:00:02] [#]} (26... Qh4 $1 $11 27. Rf1 g4) 27. Qb8+ $1 {[%emt 0:01:46] Weighted Error Value: White=0.17 (very precise) /Black=0.23 (precise)} ({Wrong is} 27. Qxa6 $2 f3 28. Qa8+ Rf8 $19) ({But not} 27. Bxa6 $6 Qg5 28. Rf1 Rg7 29. Qb8+ (29. Rf2 f3 $11) 29... Kf7 $11) 1/2-1/2

[Event "German Bundesliga 2021-22"]
[Site "Germany"]
[Date "2022.04.09"]
[Round "3.15"]
[White "Wagner, Dennis"]
[Black "Fedorovsky, Michael"]
[Result "1/2-1/2"]
[ECO "E06"]
[WhiteElo "2584"]
[BlackElo "2396"]
[Annotator "TA"]
[PlyCount "55"]
[EventDate "2022.03.05"]
[EventType "team-tourn"]
[EventCountry "GER"]
[SourceTitle "playchess.com"]
[Source "ChessBase"]
[SourceQuality "1"]
[TimeControl "40/5400+30:1800+30"]

1. d4 Nf6 2. c4 e6 3. Nf3 d5 4. g3 Be7 5. Bg2 O-O 6. Qd3 {[%emt 0:00:00] E06: Closed Catalan: Early deviations.} b6 7. cxd5 {[%emt 0:00:00] [#]} exd5 $146 ({Predecessor:} 7... Nxd5 8. Nc3 Ba6 9. Qc2 c5 10. O-O Nc6 11. Qa4 Qc8 12. Nxd5 exd5 13. Re1 Bf6 14. dxc5 bxc5 {½-½ (29) Bluebaum,M (2669)-Oparin,G (2654) Chalons en Champagne 2021}) 8. Nc3 c5 9. dxc5 bxc5 {[%emt 0:00:19] [#]} (9... Ba6 $11 10. Qf5 Nc6) 10. O-O (10. Nxd5 $1 $14 Qxd5 11. Nh4 Qxd3 12. exd3) 10... Ba6 11. Qc2 Nc6 {[%emt 0:02:06] Prevents Ne5.} 12. Bg5 Nb4 13. Qd2 (13. Qa4 {keeps more tension.} d4 14. Ne5 Rb8 15. a3) 13... d4 14. Bxf6 Bxf6 (14... gxf6 15. Qh6 f5 16. Nd5 Nxd5 17. Qxa6 $14) 15. Ne4 Be7 16. a3 Nc6 17. Rfe1 (17. Rfc1 $11 Na5 18. Qd1 (18. Nxc5 Bxc5 19. Qd1 Bb6 $17)) 17... Qb6 $15 18. Qc2 $1 Rab8 19. Neg5 (19. Nxc5 $11 {keeps the balance.} Qxc5 20. Qxc5 Bxc5 21. Rac1) 19... d3 (19... g6 $17) 20. exd3 $11 Qxb2 21. Qa4 Rb6 (21... Bxg5 22. Nxg5 Rb6 23. Bxc6 $16) 22. Qe4 g6 23. h4 ({Reject} 23. Qh4 Qg7 24. Qe4 Bxg5 25. Nxg5 Nd4 $17) 23... Qc3 24. d4 (24. Rad1 $11) 24... Bd3 $15 ({But not} 24... cxd4 {[#]} 25. Nxd4 $1 Bxg5 26. Nxc6 $11) 25. Qd5 Bc4 26. Qe4 {[%emt 0:00:06] aiming for Rac1. Really sharp!} Bd3 {[%emt 0:00:45] This bishop pair is nice.} ({Don't do} 26... f5 27. Qf4 Bxg5 28. hxg5 $16) 27. Qd5 {[%emt 0:00:12] Strongly threatening dxc5.} Bc4 28. Qe4 {[%emt 0:00:30] Weighted Error Value: White=0.22 (precise) /Black=0.18 (very precise)} 1/2-1/2

[Event "German Bundesliga 2021-22"]
[Site "Germany"]
[Date "2022.04.09"]
[Round "3.15"]
[White "Krasenkow, Michal"]
[Black "Hainke, Guntram"]
[Result "1-0"]
[ECO "D45"]
[WhiteElo "2576"]
[BlackElo "2302"]
[Annotator "TA"]
[PlyCount "31"]
[EventDate "2022.03.05"]
[EventType "team-tourn"]
[EventCountry "GER"]
[SourceTitle "playchess.com"]
[Source "ChessBase"]
[SourceQuality "1"]
[TimeControl "40/5400+30:1800+30"]

1. Nf3 d5 2. d4 Nf6 3. c4 c6 4. Nc3 e6 5. e3 a6 6. c5 Nbd7 7. b4 b6 {[%emt 0:00:00] is the legacy move (7...g6). D45: Semi-Slav: 5 e3.} 8. Bb2 Be7 9. Bd3 a5 {[%emt 0:00:00] White has an edge.} 10. a3 (10. b5 $5 ) 10... Ba6 (10... Qc7 $11) 11. Bxa6 $14 Rxa6 12. b5 cxb5 ({Black should play} 12... Ra8 $1 $14) 13. c6 $36 {[%emt 0:00:20][%mdl 2048] [#] Keeping Black busy. &Bianco is more active.} Nb8 $146 (13... Nf8 $16 {was called for.} 14. Nxb5 Ng6) ({Predecessor:} 13... b4 14. cxd7+ Qxd7 15. axb4 Bxb4 16. O-O O-O 17. Ne5 Qb7 18. Nb5 Ne4 19. Rc1 a4 {0-1 (45) Maiorov,N (2511)-Aleksandrov,A (2617) Warsaw 2009}) 14. Nxb5 $18 {[%emt 0:01:08] [#] Threatens to win with c7.} Bd6 {[%emt 0:10:17] Against c7} (14... Nxc6 {was necessary.} 15. Rc1 Nb8) 15. c7 Bxc7 16. Rc1 {[%emt 0:00:24] Black did not feel at home in the position after the opening.  Weighted Error Value: White=0.04 (flawless) /Black=0.65} 1-0

[Event "German Bundesliga 2021-22"]
[Site "Germany"]
[Date "2022.04.09"]
[Round "3.15"]
[White "Sebastian, Dirk"]
[Black "Hess, Max"]
[Result "0-1"]
[ECO "B12"]
[WhiteElo "2445"]
[BlackElo "2395"]
[Annotator "NA RC"]
[PlyCount "130"]
[EventDate "2022.03.05"]
[EventType "team-tourn"]
[EventCountry "GER"]
[SourceTitle "playchess.com"]
[Source "ChessBase"]
[SourceQuality "1"]
[TimeControl "40/5400+30:1800+30"]

1. e4 c6 2. d4 d5 3. e5 Bf5 4. Nd2 e6 5. Nb3 Ne7 6. Nf3 h6 7. Be2 Bh7 8. O-O Ng6 9. a4 Be7 10. c4 O-O 11. a5 dxc4 12. Bxc4 Na6 13. Bd2 Qb8 14. Qc1 Rd8 15. Ra4 Bf8 16. Re1 Ne7 17. Bxa6 bxa6 18. Rb4 Qc7 19. Nc5 Nd5 20. Rc4 Qc8 21. h4 Rb8 22. b4 Bf5 23. Nh2 Bxc5 24. dxc5 Rd7 25. Nf1 Rdb7 26. Qa3 Kh8 27. Ng3 Bh7 28. Rg4 Bf5 29. Rd4 Bh7 30. Rg4 Bf5 31. Rd4 Bh7 32. f3 Qc7 33. Nh5 Qe7 34. Kh2 Bg6 35. Ng3 Rd8 36. h5 Bh7 37. Qc1 Nxb4 38. Rg4 Nd3 39. Bxh6 gxh6 40. Qxh6 Rg8 41. Ree4 Rbb8 42. Nf1 Rxg4 43. Rxg4 Rg8 44. Ne3 Nxe5 45. Rxg8+ Kxg8 46. Qf4 Nd3 47. Qg3+ Kh8 48. Qb8+ Bg8 49. Ng4 Qg5 50. Qd6 Qf4+ 51. Kg1 Qxd6 52. cxd6 Nc5 53. Ne5 Nb7 54. d7 Nd8 55. g4 f6 56. Ng6+ Kg7 57. Ne7 Bh7 58. f4 Kh6 59. Kf2 f5 60. g5+ Kxh5 61. Ke3 e5 62. fxe5 Kxg5 63. Kd4 f4 64. Kc5 f3 65. Kd6 Bf5 0-1

[Event "German Bundesliga 2021-22"]
[Site "Germany"]
[Date "2022.04.09"]
[Round "3.16"]
[White "Lauber, Arnd"]
[Black "Meissner, Felix"]
[Result "1/2-1/2"]
[ECO "E52"]
[WhiteElo "2411"]
[BlackElo "2381"]
[Annotator "NA RC"]
[PlyCount "75"]
[EventDate "2022.03.05"]
[EventType "team-tourn"]
[EventCountry "GER"]
[SourceTitle "playchess.com"]
[Source "ChessBase"]
[SourceQuality "1"]
[TimeControl "40/5400+30:1800+30"]

1. d4 Nf6 2. c4 e6 3. Nc3 Bb4 4. e3 O-O 5. Bd3 d5 6. Nf3 b6 {[%emt 0:00:00] 6...dxc4 is the modern continuation.} 7. O-O Ba6 8. Ne5 dxc4 9. Nxc4 c5 10. a3 Bxc3 11. bxc3 Qc7 {[%emt 0:01:01] [#]} 12. Qe2 $146 ({Predecessor:} 12. Ne5 Bxd3 13. Qxd3 Nc6 14. Nxc6 Qxc6 15. f3 Rac8 16. Bb2 Rfd8 17. Rac1 Qa4 18. Qd1 {0-1 (49) Krivousas,T-Linauskas,D (2321) Plateliai 1999}) 12... Rc8 13. Ne5 Bxd3 14. Qxd3 Nc6 15. Nxc6 $1 Qxc6 16. Bd2 cxd4 17. cxd4 Qc2 18. Qxc2 Rxc2 19. Rfd1 Rac8 20. f3 R8c4 21. Kf1 Nd5 22. Ke1 $1 f5 23. Rdc1 $11 Kf7 24. Rxc2 Rxc2 25. Ke2 b5 26. Kd3 Rc4 27. Bb4 h5 28. g3 a6 29. Rb1 g5 30. e4 Nf6 31. a4 fxe4+ 32. fxe4 e5 33. dxe5 Nxe4 34. axb5 axb5 35. Bd6 Nf2+ 36. Kd2 Ne4+ 37. Kd3 Nf2+ 38. Kd2 1/2-1/2

[Event "German Bundesliga 2021-22"]
[Site "Germany"]
[Date "2022.04.09"]
[Round "3.16"]
[White "Moehn, Hans"]
[Black "Hausrath, Daniel"]
[Result "0-1"]
[ECO "A38"]
[WhiteElo "2360"]
[BlackElo "2475"]
[Annotator "RC"]
[PlyCount "74"]
[EventDate "2022.03.05"]
[EventType "team-tourn"]
[EventCountry "GER"]
[SourceTitle "playchess.com"]
[Source "ChessBase"]
[SourceQuality "1"]
[TimeControl "40/5400+30:1800+30"]

1. Nf3 Nf6 2. g3 g6 3. b3 Bg7 4. Bb2 c5 5. c4 d6 6. Bg2 e5 7. O-O Nc6 8. Nc3 Rb8 9. d3 O-O 10. e3 Bf5 11. Ng5 Ng4 12. Nge4 a6 13. Nd5 Be6 14. h3 Nh6 15. Qd2 f5 16. Nec3 g5 17. f4 Kh8 18. Ne2 gxf4 19. gxf4 Rg8 20. Kh1 Qh4 21. Ng1 e4 22. Qf2 Qxf2 23. Rxf2 Bxb2 24. Rxb2 Bxd5 25. cxd5 Nb4 26. dxe4 fxe4 27. Rd2 Nf5 28. Kh2 Nxe3 29. Bxe4 Rbe8 30. Bh1 Nbc2 31. Rc1 Nd4 32. Nf3 Ne2 33. Rb1 Nxf4 34. b4 c4 35. Nd4 c3 36. Rf2 Nd3 37. Rf3 c2 0-1

[Event "German Bundesliga 2021-22"]
[Site "Germany"]
[Date "2022.04.09"]
[Round "3.16"]
[White "Rafiee, Makan"]
[Black "Abergel, Thal"]
[Result "0-1"]
[ECO "B61"]
[WhiteElo "2338"]
[BlackElo "2384"]
[Annotator "NA RC"]
[PlyCount "84"]
[EventDate "2022.03.05"]
[EventType "team-tourn"]
[EventCountry "GER"]
[SourceTitle "playchess.com"]
[Source "ChessBase"]
[SourceQuality "1"]
[TimeControl "40/5400+30:1800+30"]

1. e4 c5 2. Nf3 d6 3. d4 cxd4 4. Nxd4 Nf6 5. Nc3 Nc6 6. Bg5 Bd7 7. Qd2 Rc8 8. Nxc6 Bxc6 9. f3 a6 10. O-O-O e6 11. Kb1 Be7 12. h4 h5 13. Bd3 d5 14. e5 Nd7 15. f4 g6 16. Ne2 Qb6 17. Bxe7 Kxe7 18. c3 Bb5 19. Bxb5 axb5 20. Nd4 Nc5 21. f5 gxf5 22. Qg5+ Kd7 23. Qf6 Kc7 24. Qxf7+ Kb8 25. Rh3 Rc7 26. Qf6 Rg8 27. Rf3 b4 28. cxb4 Qxb4 29. Nxe6 Nxe6 30. Qxe6 Rxg2 31. Rb3 Qe4+ 32. Ka1 Qc2 33. Qe8+ Rc8 34. Rxb7+ Ka8 35. Ra7+ Kxa7 36. Qe7+ Qc7 37. Qa3+ Kb8 38. Qb4+ Qb7 39. Qd6+ Ka8 40. Qa3+ Qa7 41. Qd3 Qa5 42. e6 Rd2 0-1

[Event "German Bundesliga 2021-22"]
[Site "Germany"]
[Date "2022.04.09"]
[Round "3.16"]
[White "Wiedenbruch, Paul"]
[Black "Koellner, Ruben Gideon"]
[Result "0-1"]
[ECO "B07"]
[WhiteElo "1887"]
[BlackElo "2441"]
[Annotator "NA RC"]
[PlyCount "84"]
[EventDate "2022.03.05"]
[EventType "team-tourn"]
[EventCountry "GER"]
[SourceTitle "playchess.com"]
[Source "ChessBase"]
[SourceQuality "1"]
[TimeControl "40/5400+30:1800+30"]

1. e4 d6 2. d4 Nf6 3. Nc3 Nbd7 4. Nf3 e5 5. g4 h6 6. Bc4 Nb6 7. Bb3 exd4 8. Qxd4 Bxg4 9. Qd3 Nfd7 10. Qe3 Qf6 11. Nd4 {[%emt 0:07:37] [#]} a6 ({Black should play} 11... O-O-O $1 $17 12. Qf4 Qxf4 13. Bxf4 g5) 12. Rg1 Bh5 13. f4 (13. a4 $1 $11 Ne5 14. a5) 13... g6 14. Bd2 Bg7 15. Nde2 Bxe2 16. Qxe2 Qh4+ 17. Rg3 Nc5 $17 18. O-O-O Qe7 19. Re1 O-O-O 20. e5 Nxb3+ 21. axb3 dxe5 22. fxe5 Qe6 23. Ne4 Bxe5 24. Nc5 Qd5 25. Qxe5 Qxd2+ 26. Kb1 Nd7 27. Nxd7 Qxd7 28. Rd3 Rde8 29. Rxd7 Rxe5 30. Rxc7+ Kxc7 31. Rxe5 Kd6 32. Re3 f5 33. Kc1 f4 34. Rf3 Ke5 35. Kd2 Ke4 36. Ke2 Rc8 37. c3 g5 38. Rd3 Rc6 39. Rd4+ Kf5 40. c4 Rb6 41. Rd3 g4 42. Rc3 Re6+ 0-1

[Event "German Bundesliga 2021-22"]
[Site "Germany"]
[Date "2022.04.10"]
[Round "4.1"]
[White "Maghsoodloo, Parham"]
[Black "Mamedyarov, Shakhriyar"]
[Result "1/2-1/2"]
[ECO "C67"]
[WhiteElo "2701"]
[BlackElo "2767"]
[Annotator "TA"]
[PlyCount "59"]
[EventDate "2022.03.05"]
[EventType "team-tourn"]
[EventCountry "GER"]
[SourceTitle "playchess.com"]
[Source "ChessBase"]
[SourceQuality "1"]
[TimeControl "40/5400+30:1800+30"]

1. e4 e5 2. Nf3 Nc6 3. Bb5 Nf6 4. O-O Nxe4 5. Re1 Nd6 6. a4 {[%emt 0:00:00] C67: Ruy Lopez: Berlin Defence: 4 0-0 Nxe4.} Be7 7. Nc3 {[%emt 0:00:00] Against e4} a6 8. Bf1 Nf5 9. Nxe5 Nxe5 10. Rxe5 d6 11. Re1 d5 12. d4 O-O {[%emt 0:00:42] [#]} 13. a5 $146 ({Predecessor:} 13. Bf4 c6 14. Ne2 a5 15. Nc1 Bd6 16. Qd2 Qc7 17. Bxd6 Nxd6 18. Qf4 Bf5 19. Nd3 {½-½ (31) Pichot,A (2600)-Vidit,S (2718) Khanty-Mansiysk 2019}) 13... c6 14. Ne2 Re8 15. c3 Bf8 16. Nf4 Rxe1 17. Qxe1 Nd6 18. Nd3 Nc4 19. b4 Bf5 20. Nc5 Bxc5 21. dxc5 Qd7 22. Ra2 f6 23. Re2 {[%emt 0:02:02] aiming for Re7.} Kf7 {[%emt 0:00:50] Inhibits Re7+.} 24. Qd1 {[%emt 0:02:34] Prevents Bd3.} Re8 25. h3 Rxe2 26. Qxe2 Qe7 27. Qxe7+ Kxe7 28. g4 Bc2 29. Bxc4 dxc4 30. f3 {[%emt 0:00:26] Weighted Error Value: White=0.03 (flawless) /Black=0.02 (flawless)} 1/2-1/2

[Event "German Bundesliga 2021-22"]
[Site "Germany"]
[Date "2022.04.10"]
[Round "4.1"]
[White "Postny, Evgeny"]
[Black "Moiseenko, Alexander"]
[Result "1/2-1/2"]
[ECO "D20"]
[WhiteElo "2567"]
[BlackElo "2602"]
[Annotator "TA"]
[PlyCount "79"]
[EventDate "2022.03.05"]
[EventType "team-tourn"]
[EventCountry "GER"]
[SourceTitle "playchess.com"]
[Source "ChessBase"]
[SourceQuality "1"]
[TimeControl "40/5400+30:1800+30"]

1. d4 d5 2. c4 dxc4 3. e3 e5 4. Bxc4 exd4 5. Nf3 Bb4+ 6. Bd2 {[%emt 0:01:23] D20: Queen's Gambit Accepted: 3 e3 and 3 e4.} Bxd2+ 7. Qxd2 ({Much worse is} 7. Kxd2 dxe3+ 8. Ke2 Qf6 $17) 7... Nc6 8. O-O Nf6 9. exd4 O-O 10. d5 Ne7 11. Nc3 a6 12. Bb3 Qd6 13. Rfe1 Ng6 14. h3 {[%emt 0:07:41] [#]} h6 $146 ({Predecessor:} 14... Bd7 15. Ng5 Bf5 16. Nf3 Rad8 17. Rad1 h6 18. Qc1 Kh8 19. Nd4 Bc8 20. Nf3 Rfe8 21. Rxe8+ Rxe8 {½-½ (31) Lu,A (2323)-Huang,A (2178) Manchester 2017}) 15. Rac1 Bd7 16. Bc2 Rfe8 17. Bxg6 fxg6 18. Qd4 Rxe1+ 19. Rxe1 Re8 20. Ne4 Nxe4 21. Rxe4 Rxe4 22. Qxe4 Bf5 23. Qd4 Bb1 24. b3 $1 Bf5 (24... Bxa2 $2 25. Qb2 $18) 25. g4 Bc8 26. Qe4 g5 27. Ne5 Qe7 28. Qd4 b6 29. Nc6 Qe8 30. Qc4 {[%emt 0:01:08] [#] d6+ is the strong threat.} Kh8 31. Kf1 Bb7 32. a4 a5 33. Qc2 (33. f3 $11 {deserves consideration.}) 33... Ba6+ (33... Bxc6 $15 34. dxc6 Qe6) 34. Kg2 $11 {[%emt 0:00:14] The position is equal.} Qe1 {[%emt 0:05:22] [#] White must now prevent ...Qf1+.} 35. Qf5 Bf1+ 36. Kh2 {[%emt 0:00:22] Threatens to win with Qf8+.} Qc3 37. Qf8+ Kh7 38. Qf5+ Kh8 39. Qf8+ Kh7 40. Qf5+ {[%emt 0:00:41] An interesting draw.  Weighted Error Value: White=0.05 (flawless) /Black=0.05 (flawless)} 1/2-1/2

[Event "German Bundesliga 2021-22"]
[Site "Germany"]
[Date "2022.04.10"]
[Round "4.1"]
[White "Stern, Rene"]
[Black "Svane, Rasmus"]
[Result "0-1"]
[ECO "A33"]
[WhiteElo "2510"]
[BlackElo "2637"]
[Annotator "TA"]
[PlyCount "58"]
[EventDate "2022.03.05"]
[EventType "team-tourn"]
[EventCountry "GER"]
[SourceTitle "playchess.com"]
[Source "ChessBase"]
[SourceQuality "1"]
[TimeControl "40/5400+30:1800+30"]

1. Nf3 Nf6 2. c4 c5 3. Nc3 Nc6 4. d4 cxd4 5. Nxd4 e6 6. e4 Bb4 7. Nxc6 bxc6 8. Bd3 e5 9. O-O Bc5 {[%emt 0:10:40] B44: Sicilian: Taimanov: 5 Nb5.} 10. Re1 d6 11. Be3 {[%emt 0:01:43] [#]} O-O $5 $146 {[%emt 0:07:04][%mdl 8] White is slightly better. An interesting novelty.} ({Predecessor:} 11... Bxe3 12. Rxe3 Rb8 13. Qd2 O-O 14. Be2 Ne8 15. c5 Qe7 16. cxd6 Nxd6 17. Rd1 Nb7 {½-½ (75) Cernousek,L (2442)-Piorun,K (2611) Prague 2020}) 12. Na4 Bxe3 13. Rxe3 Qe7 14. Qe2 Bg4 15. f3 Be6 16. c5 Rfd8 17. cxd6 Rxd6 18. b3 Rad8 {[%emt 0:03:02] Threatens to win with ...Nh5.} 19. g3 (19. Nb2 $1 $11) 19... Nh5 ({Black should try} 19... h5 $17) 20. Kh1 $2 {[%emt 0:01:58][%mdl 8192] [#] Loses the game.} (20. Nb2 $11 {and White is okay.}) 20... Nf4 $1 $19 21. gxf4 exf4 22. e5 Rd4 23. Bxh7+ Kxh7 24. Qc2+ g6 25. Re2 Bf5 (25... Bd5 $142 26. Rf2 Qh4) 26. Qxc6 (26. Qc1 $19 Bd3 27. Rf2) 26... Rd1+ 27. Re1 Rxa1 {[%emt 0:02:05][%mdl 64] Deflection} 28. Rxa1 Qxe5 29. Qc3 Qe2 {[%emt 0:01:07] Weighted Error Value: White=1.32/Black=0.45} 0-1

[Event "German Bundesliga 2021-22"]
[Site "Germany"]
[Date "2022.04.10"]
[Round "4.1"]
[White "Seel, Christian"]
[Black "Keymer, Vincent"]
[Result "0-1"]
[ECO "D43"]
[WhiteElo "2486"]
[BlackElo "2664"]
[Annotator "TA"]
[PlyCount "120"]
[EventDate "2022.03.05"]
[EventType "team-tourn"]
[EventCountry "GER"]
[SourceTitle "playchess.com"]
[Source "ChessBase"]
[SourceQuality "1"]
[TimeControl "40/5400+30:1800+30"]

1. Nf3 d5 2. d4 Nf6 3. c4 e6 4. Nc3 c6 5. Bg5 h6 6. Bxf6 Qxf6 7. Qb3 Nd7 8. e4 dxe4 9. Nxe4 Qf5 {[%emt 0:00:00] D43: Semi-Slav: 5 Bg5 h6.} 10. Bd3 {[%emt 0:00:00][%cal Oe4d6] [#] Hoping for Nd6+!} Qa5+ 11. Nc3 e5 {[%emt 0:00:00] The position is equal.} 12. O-O exd4 13. Rae1+ Be7 14. Nxd4 {[%emt 0:00:00] aiming for Nf5.} Nc5 15. Qd1 Qd8 16. Bf5 {[%emt 0:00:00] Bxc8 is the strong threat.} O-O 17. Bxc8 Rxc8 18. Nf5 Bg5 {[%emt 0:09:14] [#]} 19. Qf3 $146 {[%emt 0:07:54][%cal Oh2h4] Black must now prevent h4!} ({Predecessor:} 19. Nd6 Rc7 20. b4 Na6 21. a3 Rd7 22. c5 Be7 23. Qd4 b6 24. Qc4 b5 25. Qd4 Bxd6 26. cxd6 Rxd6 27. Qxa7 {½-½ (44) Ferre Perez,A (2141)-Marin Millan,J (2217) ICCF email 2018}) 19... Qd3 20. Ne7+ Bxe7 21. Qxd3 Nxd3 22. Rxe7 Rb8 23. Re2 Rfd8 24. Rd1 {[%emt 0:03:46] And now Red2 would win.} Nc5 25. Red2 Rxd2 26. Rxd2 $11 {[%emt 0:00:54][%mdl 4096] Endgame KRN-KRN} a5 27. b3 Re8 28. Kf1 {[%emt 0:03:05] Inhibits Re1+.} g6 29. f3 Kg7 30. Kf2 g5 31. Rd4 f5 32. g3 Kf6 33. Rd6+ Re6 34. Rxe6+ Nxe6 {[%emt 0:00:08] KN-KN} 35. Ke3 Ke5 36. Ne2 f4+ 37. gxf4+ gxf4+ 38. Kd3 Ng5 39. Ng1 c5 40. a3 b6 41. Kc3 h5 42. Kd3 Ne6 43. Ne2 Kf5 44. Kd2 Ng5 45. Ng1 Kf6 46. Kc3 Ke6 47. Kd2 Nf7 48. Ne2 Ke5 49. Nc3 $2 {[%emt 0:00:36][%mdl 8192] White does not recover from this.} (49. Ke1 $15) 49... Ng5 $19 50. Ke2 Ne6 51. Na4 Nd4+ 52. Kd3 (52. Kf2 $142) 52... Nxf3 53. Nxb6 (53. h3 $142 Nd4 54. Nxb6 Nxb3 55. Nd7+ Kf5 56. a4) 53... Nxh2 {[%emt 0:05:32] Threatens to win with ...h4.} 54. Na4 h4 (54... Ng4 $142 55. Nxc5 h4) 55. Nxc5 Ng4 {[%emt 0:00:32] ( -> ...h3)} 56. Ke2 h3 {[%emt 0:00:30][%cal Bh4h3,Bh3h2][%mdl 32] Black mates.} 57. Kf3 {[%emt 0:01:49] [#]} h2 $1 58. Kg2 (58. Kxg4 h1=Q) 58... f3+ 59. Kh1 Kf4 60. b4 f2 {[%emt 0:00:13] Weighted Error Value: White=0.49/Black=0.08 (flawless)} 0-1

[Event "German Bundesliga 2021-22"]
[Site "Germany"]
[Date "2022.04.10"]
[Round "4.2"]
[White "Kryvoruchko, Yuriy"]
[Black "Indjic, Aleksandar"]
[Result "1/2-1/2"]
[ECO "B90"]
[WhiteElo "2683"]
[BlackElo "2604"]
[Annotator "TA"]
[PlyCount "78"]
[EventDate "2022.03.05"]
[EventType "team-tourn"]
[EventCountry "GER"]
[SourceTitle "playchess.com"]
[Source "ChessBase"]
[SourceQuality "1"]
[TimeControl "40/5400+30:1800+30"]

1. e4 c5 2. Nf3 d6 3. d4 cxd4 4. Nxd4 Nf6 5. Nc3 a6 6. f3 e5 7. Nb3 Be6 8. Be3 Be7 9. Qd2 h5 10. Be2 Nbd7 {[%emt 0:00:00] B90: Sicilian Najdorf: Unusual White 6th moves, 6 Be3 Ng4 and 6 Be3 e5.} 11. Nd5 Bxd5 12. exd5 O-O {[%emt 0:00:00] White has an edge. 12...0-0 has become a bit dusty these days.} 13. Na5 {[%emt 0:01:14] [#]} Qc8 $146 ({Predecessor:} 13... Qc7 14. c4 e4 15. O-O exf3 16. gxf3 Ne5 17. b4 b6 18. f4 Neg4 19. Nc6 Nxe3 20. Qxe3 {1-0 (32) Wagner,D (2581)-Perez,M (2417) Chess.com INT 2020}) 14. c4 Bd8 15. O-O Bb6 (15... e4 $11) 16. Bxb6 $14 Nxb6 17. b4 Re8 18. Rac1 (18. g4 {looks sharper.} hxg4 19. fxg4 Nxg4 20. Qg5) 18... Nbd7 19. Qe3 Qc7 20. Rfd1 b6 21. Nc6 Nb8 $1 22. Nxb8 Raxb8 23. c5 $1 bxc5 24. bxc5 e4 25. Qa3 ({Don't play} 25. Bxa6 Qa7 26. Bf1 Nd7 $17) 25... dxc5 26. d6 ({Not} 26. Bxa6 $2 Ra8 27. fxe4 Qb6 28. Qxc5 Qxa6 $19) 26... Qb6 27. Qxc5 exf3 28. Bxf3 {[%emt 0:01:28] [#] Hoping for Qxb6.} Red8 $1 29. a4 {[%emt 0:05:47] 0x0.0018077fbeb9dp-1022s more active pieces.} Qxc5+ 30. Rxc5 Rb6 31. Bc6 a5 32. d7 Kf8 $1 33. Bb5 Ke7 34. Rc8 $36 {[%emt 0:03:51][%mdl 2048] Black is under pressure.} Re6 35. h3 Ne4 36. Rc7 Nd6 {[%emt 0:01:19] The position is equal.} 37. Bc6 Re5 38. Ra7 h4 39. Bb5 Nxb5 {[%emt 0:01:30] Weighted Error Value: White=0.06 (flawless) /Black=0.05 (flawless)} 1/2-1/2